 Dungeon Crawl Stone Soup version 0.26-b1-32-g5d43845318 (webtiles) character file.

Game seed: 4711189982967698829

14018 MajorAdolf the Cleaver (level 12, -1/97 HPs)
             Began as a Naga Wanderer on Jan 7, 2021.
             Was an Initiate of Gozag.
             Slain by a slime creature (16 damage)
             ... on level 14 of the Dungeon.
             The game lasted 00:37:47 (19290 turns).

MajorAdolf the Cleaver (Naga Wanderer)             Turns: 19290, Time: 00:37:47

Health: -1/97      AC: 15    Str: 25    XL:     12   Next: 12%
Magic:  12/12      EV: 10    Int:  9    God:    Gozag
Gold:   508        SH:  0    Dex: 17    Spells: 7/11 levels left

rFire    + . .     SeeInvis +   w - +0 war axe (freeze)
rCold    . . .     Faith    .   (no shield)
rNeg     . . .     Spirit   .   I - +1 leather armour {rF+}
rPois    +         Reflect  .   p - +0 helmet
rElec    .         Harm     .   l - +2 cloak
rCorr    .         Rampage  .   A - +0 pair of gloves
Will     +....                  (no barding)
Stlth    +++.......             (no amulet)
HPRegen  0.26/turn              r - +4 ring of protection
MPRegen  0.13/turn              H - +6 ring of dexterity

@: gold aura, very slow
A: large, stinger 1, see invisible, deformed body, poison resistance, slowness
2, spit poison 1, strong 1, AC +4
a: Spit Poison, Renounce Religion, Potion Petition, Call Merchant, Bribe Branch


You were on level 14 of the Dungeon.
You worshipped Gozag.
Gozag was pleased with you.
You visited 2 branches of the dungeon, and saw 15 of its levels.

You collected 1260 gold pieces.
You spent 93 gold pieces at shops.
You paid 659 gold pieces to Gozag.

Inventory:

Hand Weapons
 w - a +0 war axe of freezing (weapon)
 y - a +0 broad axe
Missiles
 b - 5 throwing nets
 s - 51 poisoned darts (quivered)
Armour
 l - a +2 cloak (worn)
 o - a +4 chain mail of cold resistance
 p - a +0 helmet (worn)
 z - a +0 kite shield
 A - a +0 pair of gloves (worn)
 I - a +1 leather armour of fire resistance (worn)
Jewellery
 n - an uncursed ring of positive energy
 r - a +4 ring of protection (left hand)
 H - a +6 ring of dexterity (right hand)
 L - an uncursed ring of magical power
Wands
 k - a wand of random effects (20)
 O - a wand of flame (27)
Scrolls
 c - a scroll of fear
 d - 2 scrolls of teleportation
 e - 8 scrolls of identify
 f - 6 scrolls of amnesia
 g - 8 scrolls of remove curse
 h - 2 scrolls of magic mapping
 m - a scroll of blinking
 t - a scroll of acquirement {unknown}
 v - a scroll of enchant weapon {unknown}
 B - 2 scrolls of enchant armour
 M - 2 scrolls of fog
Potions
 a - a potion of brilliance
 i - 6 potions of curing
 j - a potion of ambrosia
 q - a potion of cancellation
 u - a potion of attraction
 x - 2 potions of haste
 C - 2 potions of might
 D - 3 potions of heal wounds
 E - 2 potions of mutation
 F - a potion of magic


   Skills:
 - Level 3.4 Fighting
 - Level 1.0 Short Blades
 + Level 11.1 Axes
 - Level 1.5 Dodging
 - Level 4.8 Stealth
 + Level 9.0 Summonings
 + Level 9.0 Air Magic
 + Level 9.1 Evocations


You had 7 spell levels left.
You knew the following spells:

 Your Spells              Type           Power        Failure   Level
a - Summon Lightning Spi  Summ/Air       16%          12%         4

Your spell library contained the following spells:

 Spells                   Type           Power        Failure   Level
 Summon Small Mammal      Summ           64%          1%          1
 Call Imp                 Summ           16%          1%          2
 Call Canine Familiar     Summ           16%          3%          3
 Summon Guardian Golem    Hex/Summ       8%           22%         3
 Animate Skeleton         Necr           0%           43%         1
 Apportation              Tloc           0%           43%         1
 Corona                   Hex            0%           43%         1
 Magic Dart               Conj           0%           43%         1
 Searing Ray              Conj           0%           56%         2
 Summon Ice Beast         Ice/Summ       8%           58%         4
 Confusing Touch          Hex            0%           80%         3
 Dazzling Flash           Conj/Hex       0%           80%         3
 Gell's Gravitas          Tloc           0%           80%         3
 Fulminant Prism          Conj/Hex       0%           99%         4
 Iskenderun's Mystic Bla  Conj/Tloc      0%           99%         4
 Petrify                  Tmut/Erth      0%           99%         4
 Metabolic Englaciation   Hex/Ice        0%           100%        5
 Yara's Violent Unravell  Hex/Tmut       0%           100%        5


Dungeon Overview and Level Annotations

Branches:
Dungeon (14/15)            Temple (1/1) D:5          Vaults (0/5) D:13
   Lair: D:8-11         Orc: D:9-12

Altars:
Ashenzari
Cheibriados
Dithmenos
Elyvilon
Fedhas
Gozag
Hepliaklqana
Kikubaaqudgha
Makhleb
Nemelex Xobeh
Okawaru
Qazlal
Ru
Sif Muna
Trog
Uskayaw
Vehumet
Wu Jian
Xom
Yredelemnul
Zin
The Shining One
Beogh

Shops:
D:13 *

Annotations:
D:3 3 runed translucent doors, skk's ghost, amateur TeGl
D:6 Menkaure
D:7 2 transporters
D:10 Nergalle
D:13 exclusion: two-headed ogre


Innate Abilities, Weirdness & Mutations

You cannot wear boots.
Your serpentine skin is tough. (AC +4)
You have supernaturally acute eyesight. (SInv)
Armour fits poorly on your strangely shaped body.
Your system is resistant to poisons. (rPois)
You cover ground very slowly.
You can spit poison.
Your tail ends in a poisonous barb.
Your muscles are strong. (Str +2)


Message History

The helpless tengu warrior fails to defend itself.
You slash the tengu warrior! You freeze the tengu warrior.
You kill the tengu warrior!
Your Summonings skill increases to level 9!
Your Air Magic skill increases to level 9!
Items here: $ ) [[.
Unknown command.
y - a +0 broad axe;
z - a +0 kite shield Unknown command.
You slice the slime creature!! You freeze the slime creature.
The slime creature is moderately wounded.
The slime creature completely misses you.
You hit the slime creature. You freeze the slime creature.
The slime creature is heavily wounded.
The slime creature barely misses you.
You slash the slime creature! You freeze the slime creature.
The slime creature is severely wounded.
The slime creature hits you!
You die...
Your body crumbles into a pile of gold.

**,##,*,****,******#.# *,,,,,,
**.#..,,,,,,,* #.# *,*,**,
8,....#,****** #.# *,*,**,
,,.8...+#* #.# *,,,**,
,,.....J.## ####.#### *,,***,
,,........## #.......# *,,***,
∩,...8..J..## ###.##.##.# *,,**,,
,,.........J###.......<.###,,,,,,
,,......!(..'..J@.............,,,
,,.8........###....###..####.#,,,
8,.........## #.#..#*#..#***,**,*
**###.....## #.#.........,,,,,,,
##...## #.###.##.#.##*,***, ##+#*
#.#**.##.#.# *,***, *,*
#..,,....#.# *,,**, *,*
###**.##**,* **,**, **,** *,* *,*
*,**,


You could see 2 slime creatures.

Vanquished Creatures
  2 vault guards (D:13)
  2 two-headed ogres
  A tengu warrior (D:14)
  A wizard (D:13)
  2 necromancers (D:13)
  A deep elf mage (D:12)
  A cyclops (D:11)
  A centaur zombie (D:12)
  A centaur skeleton (D:11)
  4 trolls
  A vampire (D:11)
  A wyvern (D:8)
  20 humans (D:13)
  3 orc warriors
  An ice beast (D:9)
  3 black bears
  2 ogres
  2 phantoms
  3 sky beasts
  A necrophage (D:5)
  2 centaurs
  2 big kobolds
  3 wyvern zombies
  6 bullfrogs
  2 scorpions
  2 howler monkeys
  4 hounds
  A quasit (D:6)
  2 bullfrog skeletons
  7 orc priests
  A jelly (D:11)
  14 orc wizards
  Jessica (D:2)
  Terence (D:3)
  Natasha (thrice) (D:4)
  2 iguanas
  10 worker ants
  A hound skeleton (D:7)
  11 gnolls
  19 adders
  A shadow imp (D:7)
  2 white imps
  2 ufetubi
  2 oozes
  2 adder zombies
  2 adder skeletons
  9 worms
  5 dart slugs
  4 leopard geckos
  45 orcs
  10 bats
  5 giant cockroaches
  12 goblins
  6 hobgoblins
  4 quokkas
  7 frilled lizards
  10 kobolds
  5 rats
  A butterfly (D:4)
281 creatures vanquished.

Vanquished Creatures (others)
  An orc wizard (D:3)
1 creature vanquished.

Grand Total: 282 creatures vanquished

Notes
Turn   | Place    | Note
-------+----------+-------------------------------------------
     0 | D:1      | MajorAdolf the Naga Wanderer began the quest for the Orb.
     0 | D:1      | MajorAdolf set off with the following items: a +0 short
                  | sword, 2 throwing nets, a +0 leather armour, a potion of
                  | lignification, a +0 dagger
     0 | D:1      | Reached XP level 1. HP: 21/21 MP: 1/1
   517 | D:1      | Reached XP level 2. HP: 27/28 MP: 2/2
   957 | D:1      | Reached skill level 1 in Axes
  1181 | D:1      | Reached XP level 3. HP: 22/34 MP: 3/3
  1459 | D:1      | Reached skill level 2 in Axes
  1986 | D:2      | Reached XP level 4. HP: 36/42 MP: 4/4
  2036 | D:2      | Noticed Jessica
  2052 | D:2      | Killed Jessica
  2053 | D:2      | Reached skill level 3 in Axes
  2210 | D:2      | Found a basalt altar of Yredelemnul.
  2394 | D:2      | Found an iron altar of Okawaru.
  2408 | D:2      | Reached skill level 4 in Axes
  2408 | D:2      | Reached XP level 5. HP: 27/49 MP: 5/5
  2812 | D:2      | Found a shimmering blue altar of Sif Muna.
  2812 | D:2      | Found a burning altar of Makhleb.
  2813 | D:2      | Found a sparkling altar of Nemelex Xobeh.
  3103 | D:3      | Found a runed translucent gate.
  3103 | D:3      | Found a runed translucent gate.
  3103 | D:3      | Found a runed translucent gate.
  3104 | D:3      | Noticed skk's ghost (amateur TeGl)
  3129 | D:3      | Noticed a centaur
  3213 | D:3      | Noticed Terence
  3831 | D:4      | Reached skill level 5 in Axes
  3831 | D:4      | Reached XP level 6. HP: 35/56 MP: 6/6
  3967 | D:4      | Noticed Natasha
  3977 | D:4      | Killed Natasha
  4456 | D:4      | Noticed Natasha
  4474 | D:4      | Killed Natasha
  4475 | D:4      | Reached skill level 6 in Axes
  4517 | D:4      | Found a hide-covered altar of Uskayaw.
  4681 | D:4      | Reached XP level 7. HP: 29/62 MP: 7/7
  4965 | D:4      | Found a shimmering altar of Xom.
  5044 | D:4      | Noticed Natasha
  5059 | D:4      | Killed Natasha
  5156 | D:4      | Learned a level 4 spell: Summon Lightning Spire
  5429 | D:5      | Entered Level 5 of the Dungeon
  5626 | D:3      | Reached skill level 1 in Summonings
  5626 | D:3      | Reached skill level 1 in Air Magic
  5633 | D:3      | Reached skill level 7 in Axes
  5704 | D:3      | Killed Terence
  6277 | D:5      | Reached XP level 8. HP: 53/69 MP: 8/8
  6425 | D:5      | Found a staircase to the Ecumenical Temple.
  6702 | Temple   | Entered the Ecumenical Temple
  7805 | D:6      | Found a white marble altar of Elyvilon.
  8780 | D:6      | Found a radiant altar of Vehumet.
  9022 | D:7      | Found a transporter.
  9022 | D:7      | Found a transporter.
  9160 | D:7      | Reached skill level 8 in Axes
  9163 | D:7      | Reached XP level 9. HP: 59/76 MP: 9/9
  9215 | D:7      | Noticed Menkaure
  9513 | D:7      | Found a roughly hewn altar of Beogh.
  9987 | D:8      | Found a snail-covered altar of Cheibriados.
 10699 | D:8      | Reached skill level 5 in Evocations
 10838 | D:8      | Reached skill level 5 in Air Magic
 10937 | D:8      | Reached skill level 5 in Summonings
 11452 | D:9      | Found a blossoming altar of Fedhas.
 11453 | D:9      | Found a broken altar of Ashenzari.
 11453 | D:9      | Found an opulent altar of Gozag.
 11454 | D:9      | Found a sacrificial altar of Ru.
 11476 | D:9      | Became a worshipper of Gozag Ym Sagoz the Greedy
 11916 | D:9      | Reached skill level 9 in Axes
 11929 | D:9      | Reached XP level 10. HP: 25/84 MP: 10/10
 12602 | D:10     | Entered Level 10 of the Dungeon
 12981 | D:10     | Noticed Nergalle
 12986 | D:10     | Noticed a spectral orc warlord
 13479 | D:11     | Noticed a two-headed ogre
 14473 | D:11     | Gained mutation: Your spells are a little easier to cast,
                  | but a little less powerful. [potion of mutation]
 14473 | D:11     | Lost mutation: Your spells are a little easier to cast, but
                  | a little less powerful. [potion of mutation]
 14473 | D:11     | Gained mutation: Your skin changes colour to match your
                  | surroundings (Stealth+). [potion of mutation]
 14474 | D:11     | Lost mutation: Your skin changes colour to match your
                  | surroundings (Stealth+). [potion of mutation]
 14474 | D:11     | Gained mutation: Your tail ends in a poisonous barb.
                  | [potion of mutation]
 14474 | D:11     | Gained mutation: Your muscles are strong. (Str +2) [potion
                  | of mutation]
 15125 | D:11     | Noticed a cyclops
 15333 | D:11     | Killed a cyclops
 15758 | D:11     | Killed a two-headed ogre
 15759 | D:11     | Reached skill level 10 in Axes
 16092 | D:12     | Noticed a deep elf mage
 16099 | D:12     | Killed a deep elf mage
 16100 | D:12     | Reached XP level 11. HP: 78/90 MP: 11/11
 16351 | D:12     | Noticed a two-headed ogre
 16356 | D:12     | Killed a two-headed ogre
 16523 | D:12     | Noticed a cyan ugly thing
 17395 | D:13     | Noticed a two-headed ogre
 18138 | D:13     | Bought a potion of lignification for 72 gold pieces
 18138 | D:13     | Bought a fuming red potion for 21 gold pieces
 18351 | D:13     | Noticed a necromancer
 18374 | D:13     | Killed a necromancer
 18628 | D:13     | Noticed a wizard
 18643 | D:13     | Killed a wizard
 18659 | D:13     | Noticed a necromancer
 18805 | D:13     | Noticed a vault guard
 18823 | D:13     | Killed a vault guard
 18826 | D:13     | Killed a necromancer
 18956 | D:13     | Noticed a vault guard
 18972 | D:13     | Killed a vault guard
 18973 | D:13     | Reached skill level 11 in Axes
 18973 | D:13     | Reached XP level 12. HP: 61/97 MP: 12/12
 19167 | D:13     | Found a gate to the Vaults.
 19239 | D:14     | Noticed a tengu warrior
 19241 | D:14     | Noticed a tengu warrior
 19244 | D:14     | Noticed a deep elf knight
 19285 | D:14     | Killed a tengu warrior
 19290 | D:14     | Slain by a slime creature

Illustrated notes

Levels and vault maps discovered:
D:1:      minmay_arrival_checkered_box, layout_basic, wad_floor_pattern_2
D:2:      layout_basic, overflow_temple_1_default,
          gammafunk_temple_overflow_claw, okawaru_altar_gauntlet_db,
          uniq_jessica
D:3:      layout_basic, gammafunk_ghost_split, serial_park_tiny_1, uniq_terence
D:4:      minmay_inner_zag, layout_loops_corners, general_overflow_altar,
          xom_butterflies, serial_glass, glass_columns_b, glass_columns_b,
          due_unseen_surprise, item_on_display_a, item_on_display_b,
          uniq_natasha
D:5:      layout_cave_pods, temple_hall
D:6:      layout_loops_corners, elyvilon_altar_4, basic_altar
D:7:      gammafunk_beogh_shrine, layout_rooms, grunt_ministairs_6,
          uniq_menkaure
D:8:      layout_layer_cave, lemuel_coloured_pillars_altar
D:9:      layout_loops_cross, chequers_temple_overflow_statue_of_worship
D:10:     layout_small_grid, lair_entry_dummy, orc_0_dummy, minmay_between,
          uniq_nergalle
D:11:     layout_gridville
D:12:     layout_grid_maze, basic_altar
D:13:     layout_basic, grunt_vaults_entry_tiered, basic_altar
D:14:     layout_loops_corners, maelrawn_ghost_gauntlet_escape, enter_bailey_6,
          serial_shops, shop, uniq_josephine, uniq_roxanne
Temple:   eino_wide_crystal_templ

Skill      XL: |  1  2  3  4  5  6  7  8  9 10 11 12 |
---------------+-------------------------------------+-----
Axes           | 1 2 4 5 6 7 8 9 10 11 | 11.1
Summonings     | 2 3 5 7 8 9 |  9.0
Air Magic      | 2 3 5 7 8 9 |  9.0
Evocations     | 2 4 5 7 8 9 |  9.1
Fighting       | |  3.4
Short Blades   | |  1.0
Dodging        | |  1.5
Stealth        | |  4.8

Action                   |  1- 3 |  4- 6 |  7- 9 | 10-12 || total
-------------------------+-------+-------+-------+-------++-------
Melee: Short sword       |    16 |       |       |       ||    16
       Hand axe          |    45 |   213 |   240 |       ||   498
       War axe           |       |       |   360 |   473 ||   833
       Tailslap          |       |       |       |    60 ||    60
Throw: Dart              |       |    17 |    29 |     3 ||    49
Invok: Call Merchant     |       |       |       |     1 ||     1
 Abil: Spit Poison       |    12 |    22 |    16 |     7 ||    57
Evoke: Wand              |       |       |       |    19 ||    19
  Use: Scroll            |       |     9 |     2 |    23 ||    34
       Potion            |       |       |       |     8 ||     8
 Stab: Sleeping          |     5 |     8 |     1 |     4 ||    18
       Paralysed         |       |       |       |    11 ||    11
       Distracted        |       |       |       |     1 ||     1
       Confused          |       |       |       |     5 ||     5
Armor: Leather armour    |     7 |       |       |   215 ||   222
       Scale mail        |    15 |    23 |       |       ||    38
       Robe              |       |    79 |    17 |       ||    96
       Chain mail        |       |       |   465 |    10 ||   475
       Skin              |       |       |       |    92 ||    92
Dodge: Dodged            |    24 |   138 |   208 |   170 ||   540
